 Seeded DCSS version 0.29.1-2-gbd0b4ee654 (webtiles) character file.

Game seed: 134087 (custom seed)

30 jamestheduck25 the Sneak (level 3, 27/27 HPs)
             Began as a Vampire Brigand on Nov 15, 2022.
             Quit the game on level 2 of the Dungeon.
             The game lasted 00:04:05 (1019 turns).

jamestheduck25 the Sneak (Vampire Brigand)          Turns: 1019, Time: 00:04:06

Health: 27/27      AC:  5    Str: 10    XL:     3   Next: 5%
Magic:  3/3        EV: 11    Int: 13    God:
Gold:   82         SH:  0    Dex: 17    Spells: 2/2 levels left

rFire   . . .      SeeInvis +   a - +2 dagger
rCold   + . .      Faith    .   (no shield)
rNeg    . . .      Spirit   .   i - +1 leather armour {rC+}
rPois   .          Reflect  .   (no helmet)
rElec   .          Harm     .   c - +0 cloak
rCorr   .          Rampage  .   (no gloves)
Will    .....                   (no boots)
Stlth   +++.......              (no amulet)
HPRegen 0.29/turn               (no ring)
MPRegen 0.08/turn               (no ring)

@: healing quickly
A: alive, fangs 3, see invisible, vampiric 2
a: Exsanguinate


You were on level 2 of the Dungeon.
You visited 1 branch of the dungeon, and saw 2 of its levels.

You collected 82 gold pieces.

Inventory:

Hand Weapons
 a - a +2 dagger (weapon)
Missiles
 d - 9 poisoned darts (quivered)
 e - 3 curare-tipped darts
Armour
 b - a +0 robe
 c - a +0 cloak (worn)
 i - a +1 leather armour of cold resistance (worn)
Potions
 f - a potion of curing {unknown}
 h - a potion of attraction {unknown}
 j - a potion of degeneration {unknown}


   Skills:
 + Level 2.1 Fighting
 + Level 2.6 Short Blades
 + Level 1.9 Throwing
 + Level 1.7 Dodging
 + Level 6.2 Stealth


You had 2 spell levels left.
You didn't know any spells.
Your spell library was empty.

Dungeon Overview and Level Annotations

Branches:
Dungeon (2/15)

Altars:
Trog


Innate Abilities, Weirdness & Mutations

Your natural rate of healing is accelerated.
You have razor-sharp teeth.
You have supernaturally acute eyesight. (SInv)
You are afflicted with vampirism and can become a bat while bloodless.


Message History

You throw a poisoned dart. The poisoned dart hits the endoplasm.
An endoplasm is nearby!
An endoplasm is nearby!
An endoplasm is nearby!
You hit the endoplasm.
The endoplasm is moderately wounded.
The endoplasm hits you but does no damage.
You barely miss the endoplasm.
The endoplasm is moderately wounded.
The endoplasm hits you.
You hit the endoplasm. You bite the endoplasm.
You kill the endoplasm!
d - 9 poisoned darts (gained 1) Done exploring.
Done exploring.
Blink to where?
Press: ? - help, Dir - move target
As you read the scroll labelled UPIKLUC PUODAE, it crumbles to dust.
It was a scroll of blinking.
As you read the scroll labelled XINEJI OMEPHE, it crumbles to dust.
The scroll dissolves into smoke.
It was a scroll of fog.
You start waiting.
Done waiting.
(D) Dungeon
Where to? (? - help)
What level of the Dungeon? (default 1, ? - help)
There is a stone staircase leading down here.
You climb downwards.
There is a stone staircase leading up here.
You now have 82 gold pieces (gained 10).
A frilled lizard comes into view.
The frilled lizard hisses angrily.
A worm comes into view.
Found a bloodstained altar of Trog.
Found a stone staircase leading down.
Saving game... please wait.
Welcome back, jamestheduck25 the Vampire Brigand.
Game seed: 134087 (custom seed) Press ? for a list of commands and other information.
Are you sure you want to abandon this character and quit the game? (Confirm with "yes".)

.... .....
._.... # ....###
#. ......
#####w###....###
...>......l.....
#@.....#
#......#
#......#
#......#
#......#
#......#
#......#
###......###.
#............


You could see a worm (asleep) and a frilled lizard.

Vanquished Creatures
  2 dart slugs (D:1)
  3 endoplasms (D:1)
  2 giant cockroaches (D:1)
  2 goblins (D:1)
  3 hobgoblins (D:1)
  4 jackals (D:1)
  A quokka (D:1)
  2 frilled lizards (D:1)
  2 kobolds (D:1)
  A rat (D:1)
22 creatures vanquished.

Notes
Turn   | Place    | Note
-------+----------+-------------------------------------------
     0 | D:1      | jamestheduck25 the Vampire Brigand began the quest for the
                  | Orb.
     0 | D:1      | Reached XP level 1. HP: 16/16 MP: 1/1
    85 | D:1      | Reached skill level 6 in Stealth
    85 | D:1      | Reached XP level 2. HP: 20/22 MP: 2/2
   585 | D:1      | Gained mutation: You are afflicted with vampirism and can
                  | become a bat while bloodless. [Vampire growth]
   585 | D:1      | Reached XP level 3. HP: 27/27 MP: 3/3
  1016 | D:2      | Found a bloodstained altar of Trog.
  1019 | D:2      | Quit the game

Illustrated notes

Levels and vault maps discovered:
D:1:      eino_arrival_water_cross, layout_basic
D:2:      layout_basic, basic_altar

Skill      XL: |  1  2 |
---------------+-------+-----
Stealth        | 6 |  6.2
Fighting       | 2 |  2.1
Short Blades   | |  2.6
Throwing       | |  1.9
Dodging        | |  1.7

Action                   || total
-------------------------++-------
Melee: Dagger            ||    52
       Bite              ||     7
       Punch             ||     1
Throw: Dart              ||    15
  Use: Scroll            ||     2
 Stab: Sleeping          ||     3
Armor: Leather armour    ||    31
       Robe              ||     5
Dodge: Dodged            ||    30
